 Dungeon Crawl Stone Soup version 0.22.1-2-g9c5b331 (webtiles) character file.

65 thomasnlv21 the Skirmisher (level 3, -9/33 HPs)
             Began as a Minotaur Berserker on Nov 18, 2018.
             Was a Believer of Trog.
             Killed from afar by Sigmund (11 damage)
             ... with a magic dart
             ... on level 2 of the Dungeon.
             The game lasted 00:03:50 (1330 turns).

thomasnlv21 the Skirmisher (Minotaur Berserker)     Turns: 1330, Time: 00:03:51

Health: -9/33      AC:  3    Str: 22    XL:     3   Next: 94%
Magic:  2/2        EV: 15    Int:  4    God:    Trog [**....]
Gold:   70         SH:  0    Dex:  9    Spells: 2/2 levels left

rFire    . . .     SeeInvis .   g - +0 mace (curse)
rCold    . . .     Gourm    .   (no shield)
rNeg     . . .     Faith    .   e - +0 leather armour
rPois    .         Spirit   .   (helmet restricted)
rElec    .         Reflect  .   (no cloak)
rCorr    .         Harm     .   (no gloves)
MR       .....                  (no boots)
Stlth    +.........             (no amulet)
HPRegen  0.11/turn              f - +3 ring of evasion
MPRegen  0.08/turn              (no ring)

@: no status effects
A: retaliatory headbutt, horns 2
a: Berserk, Trog's Hand, Renounce Religion


You were on level 2 of the Dungeon.
You worshipped Trog.
Trog was pleased with you.
You were not hungry.

You visited 1 branch of the dungeon, and saw 2 of its levels.

You collected 70 gold pieces.

Inventory:

Hand Weapons
 a - a +0 hand axe
 g - a cursed +0 mace (weapon)
Armour
 b - a +0 animal skin
 e - a +0 leather armour (worn)
 h - a +0 buckler
Jewellery
 f - a +3 ring of evasion (left hand)
Comestibles
 c - 4 rations
 d - a chunk of flesh


   Skills:
 + Level 4.3 Fighting
 + Level 4.2 Axes
 + Level 3.2 Armour
 + Level 2.9 Dodging
 + Level 1.1 Shields


You had 2 spell levels left.
You didn't know any spells.
Your spell library was empty.

Dungeon Overview and Level Annotations

Branches:
Dungeon (2/15)

Altars:

Annotations:
D:2 Sigmund


Innate Abilities, Weirdness & Mutations

You reflexively headbutt those who attack you in melee.
You have a pair of horns on your head.


Message History

Something hits you!
You hit something. Your headbutt misses something.
You hear some strange, mumbled words.
You are confused.
You hear some strange, mumbled words.
A puff of flame appears from out of thin air!
The puff of flame hits you!
* * * LOW HITPOINT WARNING * * *
Something hits you.
* * * LOW HITPOINT WARNING * * *
There is a stone staircase leading up here.
You're too confused to move!
Something closely misses you. Something completely misses you.
You bump into the rock wall.
You feel less confused.
You hear some strange, mumbled words.
A magic dart appears from out of thin air!
The magic dart hits you!
You die...

**,#........##.###...#...# #####.
,,,####.#.####.# ##.###### #.
****##.###.###.####.# #. ##.##
##.##..)...# #####. #.##
##.######+## #).... ##.## ##.##
##...## #.#### ##.###.##
##.....## #.## ##.#.##
##.......## #..###
########...####.@{......####....#
..............'.<.......+.......#
########...####.........####....#
#.......# ##....$..## ##.#.#
#.##.##.# ##.....## ###.#
#.##....# ##...## #.# #.##..#.#
*#+## #.# #.###...# #.# #.#
#.####..# #.# #.#


There were no monsters in sight!

Vanquished Creatures
  An adder (D:2)
  A worm (D:2)
  4 dart slugs (D:1)
  A leopard gecko (D:1)
  3 giant cockroaches (D:2)
  2 goblins (D:1)
  6 hobgoblins
  4 jackals (D:2)
  6 bats
  4 frilled lizards
  7 kobolds
  5 rats (D:1)
44 creatures vanquished.

Notes
Turn   | Place    | Note
-------+----------+-------------------------------------------
     0 | D:1      | thomasnlv21 the Minotaur Berserker began the quest for the
                  | Orb.
     0 | D:1      | Reached XP level 1. HP: 19/19 MP: 0/0
   222 | D:1      | Reached XP level 2. HP: 24/27 MP: 1/1
   580 | D:1      | Reached ** piety under Trog
   580 | D:1      | Reached XP level 3. HP: 33/33 MP: 2/2
  1265 | D:2      | Reached skill level 1 in Shields
  1309 | D:2      | Noticed Sigmund
  1330 | D:2      | Killed from afar by Sigmund

Skill      XL: |  1  2  3 |
---------------+----------+-----
Fighting       | 4 |  4.3
Axes           | 4 |  4.2
Armour         | 3 |  3.2
Shields        | 1 |  1.1
Dodging        | |  2.9

Action                   || total
-------------------------++-------
Melee: Hand axe          ||    20
       Headbutt          ||     5
       Mace              ||    51
Invok: Berserk           ||     1
  Use: Scroll            ||     4
  Eat: Chunk             ||     2
Armor: Animal skin       ||     2
       Leather armour    ||    28
Dodge: Dodged            ||    82
